 Seeded DCSS version 0.31-a0-986-g5e6e4ef867 (webtiles) character file.

Game seed: 13278595976536889194 (custom seed)

175 timneilson the Covered (level 5, -1/33 HPs)
             Began as a Gargoyle Fighter on Nov 11, 2023.
             Slain by Edmund
             ... wielding a +0 dire flail of protection
              (5 damage)
             ... on level 4 of the Dungeon.
             The game lasted 00:03:44 (2040 turns).

timneilson the Covered (Gargoyle Fighter)           Turns: 2040, Time: 00:03:44

Health: -1/33      AC: 28    Str: 19    XL:     5   Next: 55%
Magic:  5/5        EV:  2    Int:  9    God:
Gold:   159        SH:  5    Dex: 17    Spells: 4/4 levels left

rFire   + . .        a - +1 long sword (protect)
rCold   + . .        c - +0 buckler
rNeg    + . .        j - +0 gold dragon scales
rPois   ∞            (no helmet)
rElec   +            b - +0 cloak
rCorr   .            l - +0 pair of gloves
SInv    .            n - +0 pair of boots
Will    .....        (no amulet) Stlth
                     q - +6 ring of dexterity
HPRegen 0.25/turn    (no ring)
MPRegen 0.09/turn

%: no passive effects
@: under a protective aura
A: sickness immunity, AC +4, negative energy resistance 1, electricity
resistance, torment resistance 1, petrification resistance
a: no special abilities


You were on level 4 of the Dungeon.
You visited 1 branch of the dungeon, and saw 4 of its levels.

You collected 159 gold pieces.

Inventory:

Hand Weapons
 a - a +1 long sword of protection (weapon)
Armour
 b - a +0 cloak (worn)
 c - a +0 buckler (worn)
 j - +0 gold dragon scales (worn)
 l - a +0 pair of gloves (worn)
 n - a +0 pair of boots (worn)
Jewellery
 q - a +6 ring of dexterity (left hand)
Wands
 p - a wand of light (10)
Scrolls
 g - a scroll of silence {unknown}
 k - 3 scrolls of identify
 m - a scroll of blinking
 o - a scroll of revelation {unknown}
Potions
 d - a potion of might
 f - 3 potions of curing
 h - a potion of lignification
 i - a potion of degeneration {unknown}


   Skills:
 + Level 3.8 Fighting
 * Level 3.0 Long Blades
 * Level 4.3 Armour
 + Level 1.0 Dodging
 * Level 4.2 Shields
 + Level 0.5 Evocations


You had 4 spell levels left.
You didn't know any spells.
Your spell library contained the following spells:

 Spells                   Type           Power      Damage    Failure   Level
 Sandblast                Erth           0%         2d4       100%        1
 Passwall                 Tmut/Erth      0%         N/A       100%        2
 Stone Arrow              Conj/Erth      0%         3d7       100%        3
 Brom's Barrelling Bould  Conj/Erth      0%         2d3       100%        4
 Petrify                  Tmut/Erth      0%         N/A       100%        4
 Irradiate                Conj/Tmut      0%         3d11      100%        5
 Conjure Ball Lightning   Conj/Air       0%         3x3d6     100%        6
 Discord                  Hex            0%         N/A       100%        8
 Disjunction              Tloc           0%         N/A       100%        8
 Sublimation of Blood     Necr           Unusable   N/A       N/A         2

Dungeon Overview and Level Annotations

Branches:
Dungeon (4/15)
 Temple: D:4-7

Altars:
Nemelex Xobeh

Annotations:
D:4 Edmund


Innate Abilities, Weirdness & Mutations

You are immune to sickness and miasma.
Your stone body is resilient. (AC +4)
You are immune to poison.
You resist negative energy. (rN+)
You are resistant to electric shocks. (rElec)
You are resistant to unholy torment.
You are immune to petrification.


Message History

Edmund hits you but does no damage.
You closely miss Edmund.
Edmund is severely wounded.
You block Edmund's attack.
You barely miss Edmund.
Edmund is severely wounded.
Edmund hits you but does no damage.
You hit Edmund but do no damage.
Edmund is severely wounded.
Edmund hits you with a +0 dire flail of protection. x2
You barely miss Edmund.
Edmund is severely wounded.
Edmund says, "A flail is better than a scythe, any day of the week!"
You block Edmund's attack.
You barely miss Edmund.
Edmund is severely wounded.
Edmund hits you but does no damage.
You hit Edmund but do no damage.
Edmund is severely wounded.
Edmund hits you with a +0 dire flail of protection.
Edmund hits you but does no damage.
You hit Edmund.
Edmund is severely wounded.
You block Edmund's attack.
You hit Edmund.
Edmund is almost dead.
Edmund hits you with a +0 dire flail of protection!
* * * LOW HITPOINT WARNING * * *
You hit Edmund but do no damage.
Edmund is almost dead.
Edmund hits you with a +0 dire flail of protection.
* * * LOW HITPOINT WARNING * * *
You barely miss Edmund.
Edmund is almost dead.
Edmund hits you but does no damage. You block Edmund's attack.
You hit Edmund but do no damage.
Edmund is almost dead.
Edmund hits you with a +0 dire flail of protection.
You die...
Edmund says, "I'd like to see a scythe do that!"

. #... .. #. ##.#.#
##..
#.#######.##.##..##
...##.............
#.##.##.##.##..##
#................
#.##.........†...
####.....#..#)......
#.@@................
#.#......#.†#.......
#....###.#.<##.....#
...># #.#..##.....#
.....# #.#..####...#
....... ...# ...#
#......# .#..# ..##
#....... .....# # ..
#.##


You could see Edmund.

Vanquished Creatures
  A black bear (D:4)
  3 adders
  A worm (D:3)
  2 dart slugs (D:3)
  An orc (D:3)
  6 ball pythons
  7 endoplasms
  A giant cockroach (D:1)
  A goblin (D:3)
  5 hobgoblins
  4 jackals (D:3)
  A quokka (D:2)
  6 bats
  3 frilled lizards
  4 kobolds
  5 rats
51 creatures vanquished.

Notes
Turn   | Place    | Note
-------+----------+-------------------------------------------
     0 | D:1      | timneilson the Gargoyle Fighter began the quest for the
                  | Orb.
     0 | D:1      | Reached XP level 1. HP: 14/14 MP: 1/1
   155 | D:1      | Found a faded altar of an unknown god.
   218 | D:1      | Reached XP level 2. HP: 19/19 MP: 2/2
   809 | D:2      | Reached XP level 3. HP: 23/23 MP: 3/3
  1593 | D:3      | Reached XP level 4. HP: 23/28 MP: 4/4
  1795 | D:3      | Found a sparkling altar of Nemelex Xobeh.
  1935 | D:4      | Noticed a black bear
  1949 | D:4      | Killed a black bear
  1950 | D:4      | Reached skill level 1 in Dodging
  1950 | D:4      | Reached XP level 5. HP: 29/33 MP: 5/5
  1987 | D:4      | Noticed Edmund
  2040 | D:4      | Slain by Edmund

Illustrated notes

Levels and vault maps discovered:
D:1:      erik_arrival_blinker_ship, layout_basic,
          hellmonk_ecumenical_altar_inner_sanctum
D:2:      layout_basic
D:3:      layout_basic, nemelex_altar_shiori
D:4:      layout_loops_ring, elyvilon_altar_1, mainiacjoe_overflow_paths,
          minmay_temple_entry_drinking_statues, uniq_edmund

Skill      XL: |  1  2  3  4 |
---------------+-------------+-----
Long Blades    | 2 3 |  3.0
Armour         | 4 |  4.3
Dodging        | 1 |  1.0
Shields        | 4 |  4.2
Fighting       | |  3.8
Evocations     | |  0.5

Action                     |  1- 3 |  4- 6 || total
---------------------------+-------+-------++-------
  Melee: Long sword        |   113 |   101 ||   214
    Use: Scroll            |     9 |       ||     9
         Potion            |       |     2 ||     2
 Armour: Scale mail        |    26 |       ||    26
         Gold dragon scale |    97 |   108 ||   205
  Dodge: Dodged            |    22 |    12 ||    34
  Block: Buckler           |    25 |    36 ||    61

Table legend: (Time is in decaauts)
 A = Elapsed time spent in this place.
 B = Non-inter-level travel time spent in this place.
 C = Inter-level travel time spent in this place.
 D = Time resting spent in this place.
 E = Time spent auto-exploring this place.
 F = Levels seen in this place.
 G = Mean time per level.
                   A        B        C        D        E       F      G
               +--------+--------+--------+--------+--------+-----+--------+
         Total |   2105 |   2041 |     64 |      9 |   1507 |   4 |  526.2 |
       Dungeon |   2105 |   2041 |     64 |      9 |   1507 |   4 |  526.2 |
               +--------+--------+--------+--------+--------+-----+--------+

Top non-repeatable levels by time:
     D:1: 767 daAuts
     D:3: 672 daAuts
     D:2: 541 daAuts
     D:4: 124 daAuts
